 Dungeon Crawl Stone Soup version 0.30.1-11-g7821555f0a (webtiles) character file.

Game seed: 1285673809588324787

314 Peloso the Covered (level 6, 0/53 HPs)
             Began as a Minotaur Fighter on Dec 9, 2023.
             Was an Initiate of Okawaru.
             Slain by an orc wizard
             ... wielding a +0 dagger
              (3 damage)
             ... on level 6 of the Dungeon.
             The game lasted 00:06:10 (3162 turns).

Peloso the Covered (Minotaur Fighter)               Turns: 3162, Time: 00:06:11

Health: 0/53       AC:  9    Str: 27    XL:     6   Next: 19%
Magic:  0/5        EV:  9    Int:  5    God:    Okawaru [......]
Gold:   176        SH:  5    Dex: 11    Spells: 5/5 levels left

rFire   . . .        a - +0 long sword
rCold   . . .        d - +0 buckler
rNeg    . . .        c - +0 chain mail
rPois   .            (helmet restricted)
rElec   .            (no cloak)
rCorr   .            (no gloves)
SInv    .            (no boots)
Will    .....        e - amulet of guardian spirit Stlth
                     n - +6 ring of strength
HPRegen 0.28/turn    (no ring)
MPRegen 0.09/turn

%: guardian spirit
@: attractive
A: horns 2, retaliatory headbutt
a: Renounce Religion


You were on level 6 of the Dungeon.
You worshipped Okawaru.
Okawaru was noncommittal.
You visited 2 branches of the dungeon, and saw 7 of its levels.

You collected 176 gold pieces.

Inventory:

Hand Weapons
 a - a +0 long sword (weapon)
Armour
 b - a +0 scale mail
 c - a +0 chain mail (worn)
 d - a +0 buckler (worn)
Jewellery
 e - an amulet of guardian spirit (around neck)
 n - a +6 ring of strength (left hand)
Wands
 j - a wand of roots (9)
Scrolls
 f - 2 scrolls of identify {unknown}
 h - 3 scrolls of teleportation
 k - a scroll of enchant armour {unknown}
Potions
 i - 2 potions of attraction
 m - a potion of might


   Skills:
 + Level 4.4 Fighting
 + Level 5.1 Long Blades
 + Level 5.4 Armour
 + Level 1.3 Dodging
 + Level 0.1 Stealth
 + Level 4.7 Shields


You had 5 spell levels left.
You didn't know any spells.
Your spell library contained the following spells:

 Spells                   Type           Power      Damage    Failure   Level
 Sandblast                Erth           0%         2d4       95%         1
 Passwall                 Tmut/Erth      0%         N/A       99%         2
 Stone Arrow              Conj/Erth      0%         3d7       100%        3


Dungeon Overview and Level Annotations

Branches:
Dungeon (6/15)             Temple (1/1) D:4

Altars:
Ashenzari
Cheibriados
Elyvilon
Gozag
Hepliaklqana
Kikubaaqudgha
Makhleb
Nemelex Xobeh
Okawaru
Ru
Trog
Vehumet
The Shining One

Shops:
D:4 :

Annotations:
D:3 1 runed translucent door, Crazy Yiuf
D:4 Eustachio
D:5 Grinder


Innate Abilities, Weirdness & Mutations

You have a pair of horns on your head.
You reflexively headbutt those who attack you in melee.


Message History

You bump into the rock wall.
Something hits you but does no damage. x2
A shadow imp comes into view.
The shadow imp shouts, "Give up, thou beslubbering fob-snatching wormtrail!"
Something hits you.
* * * LOW HITPOINT WARNING * * *
Something hits you but does no damage. The shadow imp is attracted toward you.
Items here: )) [[ †.
Unknown command.
You barely miss something.
The shadow imp lashes its tail.
You hear some strange, mumbled words.
A magic dart appears from out of thin air!
The magic dart hits you!
* * * LOW HITPOINT WARNING * * *
Something hits you but does no damage. The shadow imp is attracted toward you.
Something hits you but does no damage. x2;
Found a stone staircase leading up.
The shadow imp barely misses you.
Unknown command.
Something hits you but does no damage.
You feel less confused.
Unknown command.
You barely miss the shadow imp.
The shadow imp hits you but does no damage.
Something is attracted toward you.
Unknown command.
Okay, then.
You hit the shadow imp. You headbutt the shadow imp.
The shadow imp is heavily wounded.
The shadow imp gestures at you.
You barely resist. Something is attracted toward you.
Unknown command.
You hit the shadow imp.
You kill the shadow imp!
Okawaru accepts your kill.
Something hits you but does no damage. x3
Unknown command.
You closely miss something.
An orc wizard appears from thin air!
Reactivating autopickup.
Something hits you.
You die...

#...... #.....##
##.....# #......#
## #......#####...
###...........#
#.......=..#
...##...o.....#
....$..@#))...###
.#..>##.#.....>.##
.<#....##........#
#.....#........#
.#...........# ..
#####.##......#
....
####..##.....#
....
..........####
...8
........###.##
#>##


You could see an orc wizard.

Vanquished Creatures
  2 hounds (D:3)
  2 orc wizards (D:6)
  8 adders
  4 gnolls (D:3)
  A shadow imp (D:6)
  A white imp (D:6)
  A dart slug (D:2)
  An orc (D:6)
  8 ball pythons
  5 bats
  7 endoplasms
  4 giant cockroaches
  7 goblins
  6 hobgoblins
  4 jackals (D:2)
  3 quokkas
  3 frilled lizards
  6 kobolds
  5 rats
78 creatures vanquished.

Notes
Turn   | Place    | Note
-------+----------+-------------------------------------------
     0 | D:1      | Peloso the Minotaur Fighter began the quest for the Orb.
     0 | D:1      | Reached XP level 1. HP: 19/19 MP: 0/0
   152 | D:1      | Reached XP level 2. HP: 18/27 MP: 1/1
   967 | D:2      | Reached XP level 3. HP: 33/33 MP: 2/2
  1521 | D:2      | Reached XP level 4. HP: 40/40 MP: 3/3
  1750 | D:3      | Found a white marble altar of Elyvilon.
  1876 | D:3      | Found a broken altar of Ashenzari.
  2149 | D:3      | Found a runed translucent door.
  2150 | D:3      | Noticed Crazy Yiuf
  2527 | D:4      | Noticed Eustachio
  2617 | D:3      | Reached XP level 5. HP: 27/46 MP: 4/4
  2618 | D:3      | Reached skill level 5 in Armour
  2850 | D:5      | Entered Level 5 of the Dungeon
  2888 | D:5      | Noticed Grinder
  2888 | D:5      | Noticed an ogre
  2937 | D:4      | Found Waygh's Book Emporium.
  2959 | D:4      | Reached skill level 5 in Long Blades
  3002 | D:4      | Found a staircase to the Ecumenical Temple.
  3011 | D:4      | Reached skill level 1 in Dodging
  3011 | Temple   | Entered the Ecumenical Temple
  3021 | Temple   | Became a worshipper of Warmaster Okawaru
  3102 | D:6      | Found an ancient bone altar of Kikubaaqudgha.
  3138 | D:6      | Reached XP level 6. HP: 33/53 MP: 2/5
  3147 | D:6      | HP: 2/53 [something (3)]
  3156 | D:6      | HP: 1/53 [something/magic dart (8)]
  3162 | D:6      | Slain by an orc wizard

Illustrated notes

Levels and vault maps discovered:
D:1:      matt_arrival_spirals, layout_loops_ring, chequers_mini_garden
D:2:      layout_basic
D:3:      layout_loops_cross, elyvilon_altar_1, mainiacjoe_overflow_brackets,
          uniq_crazy_yiuf_cottage
D:4:      layout_cave_pods, tgw_xom, minmay_temple_entry_arrows, serial_shops,
          nicolae_shop_statue_plus, uniq_eustachio
D:5:      layout_basic, uniq_menkaure, uniq_grinder
D:6:      layout_cave_pools, nicolae_overflow_hallway_of_the_gods,
          nicolae_overflow_hidden_temple, fountainhead
Temple:   nicolae_temple_ecumenical_triangle

Skill      XL: |  1  2  3  4  5 |
---------------+----------------+-----
Armour         | 4 5 |  5.4
Fighting       | 4 |  4.4
Shields        | 4 |  4.7
Long Blades    | 3 4 5 |  5.1
Dodging        | 1 |  1.3
Stealth        | |  0.1

Action                     |  1- 3 |  4- 6 || total
---------------------------+-------+-------++-------
  Melee: Long sword        |    78 |   124 ||   202
         Headbutt          |    12 |    16 ||    28
    Use: Potion            |     5 |     3 ||     8
         Scroll            |     1 |       ||     1
 Armour: Scale mail        |    34 |    62 ||    96
         Chain mail        |       |    46 ||    46
  Dodge: Dodged            |    36 |    68 ||   104
  Block: Buckler           |    15 |    30 ||    45
